 Dungeon Crawl Stone Soup version 0.18-a0-1350-g404b4cb (webtiles) character file.

2078705 namelastname112 the Grand Gadgeteer (level 27, 248/248 HPs)
             Began as a Grey Draconian Artificer on Feb 18, 2016.
             Was the Champion of Pakellas.
             Escaped with the Orb
             ... and 4 runes!
             The game lasted 04:16:20 (88021 turns).

namelastname112 the Grand Gadgeteer (DrAr)         Turns: 88021, Time: 04:16:20

Health: 248/248    AC: 27    Str: 20    XL:     27
Magic:  18/48      EV: 37    Int: 16    God:    Pakellas [******]
Gold:   4894       SH: 15    Dex: 25    Spells: 0 memorised, 26 levels left

rFire  + . .     SeeInvis .     a - +8 autumn katana {slice, Clar}
rCold  . . .     Gourm    .     (armour unavailable)
rNeg   . . .     Faith    .     j - +0 shield of Zikinat {Str+8 Dex+4}
rPois  +         Spirit   .     (helmet restricted)
rElec  +         Dismiss  .     y - +2 cloak {rPois}
rCorr  +         Reflect  .     d - +2 pair of gloves "Waffapn" {*Confuse rCorr MP+9 Int+2}
SustAt .         Harm     .     X - +2 pair of boots of the Assassin {DetectMon Stab+ Stlth++}
MR     +++..     Clarity  +     B - amulet of the Air {Inacc +Fly rElec EV+5 RMsl}
Stlth  +++.......               A - ring of protection from magic (curse)
                                k - ring of protection from fire

@: repel missiles, extremely resistant to hostile enchantments, fairly stealthy
A: walk through water, unfitting armour, weak 2, unbreathing, cold-blooded, AC
+18
a: Quick Charge, Device Surge, Renounce Religion, Evoke Flight
0: Orb of Zot
}: 4/15 runes: decaying, serpentine, slimy, silver


You escaped.
You worshipped Pakellas.
Pakellas was exalted by your worship.
You were very full.

You visited 11 branches of the dungeon, and saw 58 of its levels.
You visited 1 bazaar.
You also visited: Labyrinth, Ice Cave, Volcano and Wizlab.

You collected 8841 gold pieces.
You spent 3947 gold pieces at shops.

Inventory:

Hand Weapons
 a - the +8 autumn katana (weapon) {slice, Clar}
   (You bought it in a shop on level 4 of the Dungeon)

   It inflicts extra damage upon your enemies.
   It protects you against confusion.
Missiles
 H - 3 throwing nets (quivered)
Armour
 d - the +2 pair of gloves "Waffapn" (worn) {*Confuse rCorr MP+9 Int+2}
   (You found it on level 1 of the Orcish Mines)

   It affects your intelligence (+2).
   It affects your magic capacity (+9).
   It protects you from acid and corrosion.
   It may confuse you when you take damage.
 j - the +0 shield of Zikinat (worn) {Str+8 Dex+4}
   (You acquired it on level 3 of the Depths)

   It affects your strength (+8).
   It affects your dexterity (+4).
 y - a +2 cloak of poison resistance (worn)
 X - the +2 pair of boots of the Assassin (worn) {DetectMon Stab+ Stlth++}
   (You acquired it on level 3 of the Snake Pit)

   It makes you much more stealthy.
Rods
 b - a +10 rod of clouds (18/18)
   (You found it on level 8 of the Dungeon)
 o - a +9 rod of inaccuracy (15/15)
   (Pakellas gifted it to you on level 11 of the Dungeon)
 s - a +4 rod of shadows (11/11)
   (Pakellas gifted it to you on level 1 of the Realm of Zot)
 u - a +3 lightning rod (10/10)
   (You bought it in a shop in a bazaar)
 G - a +3 rod of clouds (9/9)
   (Pakellas gifted it to you on level 12 of the Dungeon)
 R - a +9 rod of clouds (17/17)
   (Pakellas gifted it to you on level 11 of the Dungeon)
Jewellery
 k - a ring of protection from fire (left hand)
 A - a cursed ring of protection from magic (right hand)
 B - the amulet of the Air (around neck) {Inacc +Fly rElec EV+5 RMsl}
   (You found it on level 15 of the Dungeon)

   [amulet of inaccuracy]

   It reduces the accuracy of all your attacks.
   It affects your evasion (+5).
   It insulates you from electricity.
   It lets you fly.
   It protects you from missiles.
Wands
 c - a wand of digging (4/24)
 p - a wand of hasting (3/9)
 z - a wand of heal wounds (9/9)
 F - a wand of teleportation (6/9)
 Y - a wand of heal wounds (3/9)
Scrolls
 g - 21 scrolls of teleportation
 r - 6 scrolls of magic mapping
 v - 2 scrolls of fear
 w - 2 scrolls of blinking
 E - 3 scrolls of fog
 J - 12 scrolls of identify
 M - 24 scrolls of remove curse
 Q - 2 scrolls of brand weapon
Potions
 h - 16 potions of flight
 l - 3 potions of cancellation
 m - 18 potions of curing
 n - a potion of resistance
 q - 10 potions of haste
 x - 6 potions of might
 K - 83 potions of magic
 L - 7 potions of heal wounds
 O - 3 potions of agility
 V - 2 potions of invisibility
 W - a potion of cure mutation
Miscellaneous
 e - 2 phantom mirrors
 i - a phial of floods
 t - a disc of storms
 C - a legendary deck of summoning {drawn: 6}
 I - a box of beasts {used: 5}
 N - a sack of spiders {used: 3}
 P - a box of beasts {used: 1}
 S - a sack of spiders {used: 2}
 T - a lamp of fire
 U - a stone of tremors
 Z - a fan of gales
Comestibles
 f - 9 bread rations
 D - 23 fruits


   Skills:
 + Level 20.5 Fighting
   Level 1.0(15.2) Short Blades
 + Level 22.3 Long Blades
   Level 3.6 Polearms
 + Level 18.0 Dodging
 * Level 19.2 Stealth
 - Level 15.2 Shields
 * Level 25.7 Evocations


You had 26 spell levels left.
You didn't know any spells.

Dungeon Overview and Level Annotations

Branches:
Dungeon (15/15)            Temple (1/1) D:4            Lair (8/8) D:10
  Swamp (4/4) Lair:5        Snake (4/4) Lair:5        Slime (6/6) Lair:8
    Orc (2/2) D:10            Elf (3/3) Orc:2        Vaults (5/5) D:13
 Depths (5/5) D:15            Zot (5/5) Depths:5
  Crypt: Vaults:2-3

Altars:
Ashenzari
Cheibriados
Dithmenos
Elyvilon
Fedhas
Gozag
Kikubaaqudgha
Makhleb
Nemelex Xobeh
Okawaru
Pakellas
Qazlal
Ru
Sif Muna
Trog
Vehumet
Xom
Yredelemnul
Zin
The Shining One
Jiyva

Shops:
D:4 (   D:10 :   D:12 !=:%   D:13 [   Orc:2 %%!:   Snake:1 *   Vaults:1 %
Vaults:3 %   Vaults:5 [   Depths:3 }**%?

Portals:
Hell: Depths:1 Depths:2 Depths:3 Depths:4 Depths:5
Abyss: Depths:4
Pandemonium: Depths:2 Depths:3 Depths:4
Ziggurat: Depths:3

Annotations:
Elf:2 2 runed doors


Innate Abilities, Weirdness & Mutations

You can walk through water.
Your dull iron-grey scales are very hard (AC +18).
Your body does not fit into most forms of armour.
You can survive without breathing.
You are cold-blooded and may be slowed by cold attacks.
You are very weak. (Str -4)


Message History

You block the sixfirhy's attack. The sixfirhy completely misses you.
The sixfirhy completely misses you. x2; You block the sixfirhy's attack.
You block the sixfirhy's attack.
There is an open door here.
The sixfirhy completely misses you. x2; The sixfirhy misses you.
The sixfirhy completely misses you.
There is an open door here.
You block the sixfirhy's attack. The sixfirhy misses you.
The sixfirhy completely misses you. You block the sixfirhy's attack.
You slice the sixfirhy!!
Your tail-slap misses the sixfirhy.
The sixfirhy is severely wounded.
You block the sixfirhy's attack. The sixfirhy completely misses you.
You slash the sixfirhy!
You kill the sixfirhy!
Pakellas accepts your kill.
You feel your power returning.
No target in view!
There is a staircase leading out of the dungeon here.
You have escaped!

..#..............# #.............
.(#####..........# #............#
#.##.............# ######.#'#####
..##......######## #.#......
..##......# #.####### #..#......#
###### #.# ###. ..........##
#....# #.# #...
..##.......###....#######.# #.#.
#.####.....'....@.##....#.####'##
..# #.....###....##.>..#.##.....
..# #.....# #....##....#.#......
#.# #...).# #....####'##.#......
..# #.....# #....# #.##.#...8..
### #.....# #....# ##.####......
#.....# #....# #.## #......
#.....# #.#'## #'######.....
#.....# #.##.# #....# ######


There were no monsters in sight!

Vanquished Creatures
  the Royal Jelly (Slime:6)
  5 ancient liches
  6 orbs of fire
  A juggernaut (Depths:5)
  4 curse toes
  Margery (Vaults:3)
  4 Killer Klowns
  14 golden dragons
  2 bone dragons (Zot:3)
  the Enchantress (Depths:3)
  An electric golem (Zot:5)
  4 liches
  20 tentacled monstrosities
  3 titans (Vaults:5)
  24 Orb Guardians
  5 deep elf blademasters (Elf:3)
  15 acid blobs
  2 quicksilver dragons (Vaults:5)
  An ancient champion (Vaults:4)
  6 sphinxes
  7 death cobs
  Frances (Vaults:4)
  2 deep elf master archers (Elf:3)
  5 draconian monks
  4 thorn hunters
  3 tengu reavers
  7 storm dragons
  9 shadow dragons
  Kirke (Snake:4)
  Donald (Swamp:1)
  Roxanne (Swamp:3)
  9 fire giants
  10 greater nagas
  23 azure jellies
  11 frost giants
  A frost giant (shapeshifter) (Vaults:5)
  4 draconian shifters
  13 vault wardens
  6 draconian knights
  Maud (Orc:1)
  2 caustic shrike zombies
  4 deep elf sorcerers
  6 deep elf elementalists
  2 ghost moths
  5 draconian zealots
  4 draconian scorchers
  2 reapers
  17 ironheart preservers
  4 spriggan defenders
  Louise (Elf:3)
  2 draconian callers
  17 very ugly things
  4 draconian annihilators
  3 war gargoyles (Vaults:5)
  3 green draconians
  17 stone giants
  2 caustic shrike skeletons (Depths:4)
  4 salamander stormcallers
  3 vampire knights
  5 black draconians
  Azrael (D:12)
  9 deep elf annihilators
  7 yellow draconians
  A dire elephant (shapeshifter) (Vaults:5)
  5 deep elf demonologists
  7 mottled draconians
  3 purple draconians
  5 spark wasps
  11 red draconians
  8 white draconians
  7 ettins
  A green death (Depths:3)
  28 vault guards
  A crystal guardian (Vaults:3)
  6 deep elf death magi
  A merfolk javelineer (Depths:3)
  An ettin (shapeshifter) (Vaults:5)
  17 yaktaur captains
  Josephine (Lair:8)
  A minotaur (Lab)
  26 fire dragons
  5 death oozes (Slime:6)
  Erolcha (D:9)
  4 deep elf high priests
  8 great orbs of eyes
  5 entropy weavers
  A hell beast (Zot:3)
  A hydra (shapeshifter) (Depths:2)
  3 rakshasas
  11 naga warriors
  2 merfolk avatars (Depths:3)
  18 ice dragons
  12 anacondas
  2 spriggan air magi
  19 hydras
  2 ghost crabs
  An anaconda (shapeshifter) (D:15)
  4 catoblepae
  9 centaur warriors
  14 ogre magi
  16 death yaks
  A satyr (shapeshifter) (D:15)
  18 dancing weapons
  12 alligators
  6 tengu warriors
  9 death knights
  9 deep troll earth magi
  11 deep troll shamans
  4 shock serpents
  3 spriggan berserkers
  3 small abominations
  A vampire mage (Vaults:3)
  2 titan zombies
  Nergalle (Orc:1)
  12 naga sharpshooters
  4 orc high priests
  3 soul eaters (Zot:3)
  7 spriggans
  12 deep elf knights
  3 sun demons
  5 salamander mystics
  A titan skeleton (Depths:4)
  4 iron trolls
  4 fire crabs
  An unseen horror (Vaults:1)
  A shadow wraith (Vaults:3)
  2 death drakes (Zot:3)
  10 skeletal warriors
  3 giant orange brains
  14 hell knights
  13 swamp dragons
  24 hill giants
  3 flayed ghosts
  8 naga ritualists
  A spriggan druid (Swamp:2)
  An obsidian statue (Zot:3)
  4 wizards
  27 deep trolls
  3 phantasmal warriors
  A putrid demonspawn (Depths:2)
  6 harpies
  15 deep elf archers
  2 lindwurms (Swamp:4)
  3 shambling mangroves
  7 necromancers
  19 ironbrand convokers
  14 orc knights
  5 shining eyes
  2 orange crystal statues
  3 wolf spiders
  A tengu skeleton (Depths:1)
  22 moths of wrath
  A salamander (shapeshifter) (Depths:1)
  7 orc sorcerers
  8 mana vipers
  8 cyclopes
  91 ugly things
  2 manticores
  48 deep elf magi
  7 hornets
  6 griffons
  17 salamanders
  2 sixfirhies
  5 centaur zombies
  3 ice statues (IceCv)
  16 elephants
  12 vault sentinels
  A moth of wrath (shapeshifter) (Vaults:5)
  33 black mambas
  3 guardian serpents
  2 octopodes (shapeshifter)
  A torpor snail (Lair:7)
  2 rust devils
  26 naga magi
  A smoke demon (Zot:3)
  3 eyes of devastation
  23 spiny frogs
  A hellion (Depths:2)
  4 centaur skeletons
  61 yaktaurs
  An efreet (D:13)
  3 orange demons
  10 freezing wraiths
  10 fire drakes
  5 komodo dragons
  5 tengu conjurers
  4 guardian mummies
  3 ice devils (Depths:4)
  2 polar bears
  3 giant leeches
  7 trolls
  9 bog bodies
  5 jumping spiders
  7 boulder beetles
  19 blink frogs
  A moth of wrath zombie (Zot:3)
  116 slime creatures
  A two-headed ogre (shapeshifter) (D:14)
  Prince Ribbit (D:5)
  2 spriggan zombies (Depths:2)
  24 two-headed ogres
  A hornet zombie (D:15)
  4 air elementals
  Sigmund (D:3)
  A tarantella (Depths:2)
  A spriggan skeleton (Depths:1)
  15 redbacks
  10 water elementals
  3 shadows
  10 wraiths
  A ynoxinul (Depths:2)
  4 hogs (Snake:4)
  A deep troll skeleton (Depths:1)
  3 fire bats (Lair:6)
  12 fire elementals
  2 humans (Snake:4)
  4 wyverns
  A steam dragon (Swamp:4)
  59 yaks
  3 golden eyes
  35 vampire mosquitoes
  4 basilisks
  3 chaos spawn
  12 hippogriffs
  3 hippogriffs (shapeshifter)
  18 swamp worms
  11 wolves
  13 insubstantial wisps
  11 wargs
  3 mottled dragons
  A soldier ant (shapeshifter) (Depths:1)
  43 nagas
  13 water moccasins
  14 porcupines
  A water moccasin (shapeshifter) (Depths:2)
  10 swamp drakes
  3 slaves (D:4)
  2 necrophages
  34 orc warriors
  19 ice beasts
  3 black bears
  7 wasps
  7 eyes of draining
  2 phantoms (D:10)
  An ogre (shapeshifter) (Vaults:5)
  5 sky beasts
  18 boggarts
  58 ogres
  24 centaurs
  13 crocodiles
  5 big kobolds
  17 giant frogs
  A wyvern zombie (D:10)
  An earth elemental (Elf:2)
  A gnoll sergeant (D:13)
  A glowing shapeshifter simulacrum (Depths:1)
  6 scorpions
  25 jellies
  5 killer bees (D:10)
  A human simulacrum (Vaults:3)
  8 wights
  6 electric eels
  2 giant frog zombies (D:5)
  5 crimson imps
  5 hounds
  A hound (shapeshifter) (Elf:1)
  2 quasits
  22 orc priests
  Crazy Yiuf (D:3)
  11 iguanas
  An iron imp (Zot:4)
  26 orc wizards
  Jessica (D:2)
  Ijyb (D:3)
  8 worker ants
  8 sheep
  A killer bee zombie (D:8)
  2 hound skeletons
  2 mummies (Depths:3)
  Robin (D:2)
  2 worker ant zombies
  9 gnolls
  15 adders
  65 river rats
  7 shadow imps
  A white imp (Depths:4)
  2 ufetubi (Depths:4)
  16 oozes
  An adder zombie (D:6)
  4 adder skeletons
  3 worms (D:2)
  7 giant geckos
  80 orcs
  10 bats
  6 giant cockroaches
  15 goblins
  9 hobgoblins
  2 jackals (D:3)
  21 kobolds
  6 quokkas
  A ball python (D:2)
  8 giant newts
  5 rats
  8 bushes (D:12)
  A crawling corpse (Elf:1)
  A fire vortex (Volcano)
  10 plants
2632 creatures vanquished.

Vanquished Creatures (collateral kills)
  The ghost of Ratboiler the Warrior, a veteran DEWn of Trog (Elf:3)
  An electric golem (Zot:5)
  3 Orb Guardians (Zot:5)
  An acid blob (Depths:3)
  A shadow dragon (Zot:3)
  A greater naga (Depths:3)
  A reaper (Depths:3)
  A white draconian (Zot:3)
  A merfolk impaler (Depths:3)
  A great orb of eyes (Depths:3)
  A merfolk avatar (Depths:3)
  A deep elf archer (Elf:3)
  A swamp dragon (Depths:3)
  A harpy (Depths:3)
  A big kobold (D:8)
  A hound skeleton (D:6)
  An orc (D:6)
19 creatures vanquished.

Vanquished Creatures (others)
  A deep elf master archer (Elf:3)
  A storm dragon (Zot:5)
  2 tengu reavers
  A ghost moth (Zot:1)
  A deep elf elementalist (Vaults:5)
  A draconian zealot (Zot:2)
  A yellow draconian (Zot:5)
  An ice dragon (Depths:1)
  A hydra (Swamp:4)
  An alligator (Swamp:1)
  A centaur warrior (Vaults:2)
  2 naga sharpshooters (Snake:4)
  2 deep elf archers
  2 swamp dragons (Swamp:4)
  A salamander (Snake:4)
  7 yaktaurs
  A wraith (Vaults:4)
  A human (Snake:4)
  A swamp worm (Swamp:4)
  A swamp drake (Swamp:4)
  2 ogres
  2 centaurs (Depths:1)
  A crawling corpse (Elf:1)
  20 eldritch tentacle segments (Zot:5)
  2 fire vortices (Volcano)
  35 fungi
  4 plants
96 creatures vanquished.

Grand Total: 2747 creatures vanquished

Notes
Turn   | Place    | Note
--------------------------------------------------------------
     0 | D:1      | namelastname112 the Draconian Artificer began the quest for the Orb.
     0 | D:1      | Reached XP level 1. HP: 16/16 MP: 3/3
   125 | D:1      | Reached XP level 2. HP: 23/23 MP: 4/4
   634 | D:1      | Reached skill level 1 in Polearms
  1123 | D:2      | Reached XP level 3. HP: 18/29 MP: 5/5
  1641 | D:2      | Noticed Jessica
  1658 | D:2      | Killed Jessica
  1658 | D:2      | Reached XP level 4. HP: 32/36 MP: 6/6
  1736 | D:2      | Found a sparkling altar of Nemelex Xobeh.
  1795 | D:2      | Noticed Robin
  1837 | D:2      | Killed Robin
  1837 | D:2      | Reached skill level 4 in Evocations
  2421 | D:3      | Reached XP level 5. HP: 31/42 MP: 8/8
  2509 | D:3      | Found a blossoming altar of Fedhas.
  2643 | D:3      | Noticed Crazy Yiuf
  2649 | D:3      | Killed Crazy Yiuf
  2733 | D:3      | Noticed Ijyb
  2733 | D:3      | Noticed Sigmund
  2753 | D:3      | Killed Sigmund
  2753 | D:3      | Reached XP level 6. HP: 43/50 MP: 9/9
  2755 | D:3      | Killed Ijyb
  3175 | D:4      | Reached skill level 5 in Evocations
  3188 | D:4      | Found a staircase to the Ecumenical Temple.
  3201 | Temple   | Entered the Ecumenical Temple
  3240 | D:4      | Found Ussypn's Weapon Boutique.
  3784 | D:5      | Entered Level 5 of the Dungeon
  3968 | D:5      | Reached XP level 7. HP: 45/57 MP: 9/11
  3968 | D:5      | Your scales start taking on a dull iron-grey colour.
  3968 | D:5      | Gained mutation: You can survive without breathing. [Grey Draconian growth]
  3985 | D:5      | Noticed Prince Ribbit
  4150 | D:5      | Noticed Pikel
  4392 | D:5      | Noticed Pikel
  4392 | D:5      | Pikel changed into Pikel the tengu
  4393 | D:5      | Noticed Pikel
  4393 | D:5      | Pikel the tengu changed into Pikel the black bear
  4401 | D:4      | Killed Pikel the black bear
  4695 | D:5      | Killed Prince Ribbit
  4695 | D:5      | Reached skill level 6 in Evocations
  4836 | D:5      | Reached XP level 8. HP: 64/67 MP: 12/12
  5246 | D:6      | Reached skill level 7 in Evocations
  5249 | D:6      | Reached skill level 5 in Fighting
  5287 | D:6      | Reached skill level 1 in Long Blades
  6659 | D:6      | Found a bloodstained altar of Trog.
  6926 | D:7      | Reached skill level 5 in Dodging
  7325 | D:7      | Reached skill level 8 in Evocations
  7325 | D:7      | Reached XP level 9. HP: 55/75 MP: 13/15
  8217 | D:8      | Identified a +0 rod of clouds (14/14) (You found it on level 8 of the Dungeon)
  8801 | D:8      | Reached skill level 5 in Long Blades
  8923 | D:8      | Noticed a three-headed hydra
  8966 | D:8      | Noticed a hill giant
  9117 | D:8      | Killed a hill giant
  9117 | D:8      | Reached skill level 9 in Evocations
  9263 | D:8      | Found a shimmering altar of Xom.
  9265 | D:8      | Found a sacrificial altar of Ru.
  9452 | D:8      | Found a sparkling altar of Nemelex Xobeh.
  9628 | D:9      | Noticed Erolcha
  9785 | D:9      | Reached XP level 10. HP: 78/84 MP: 17/17
  9823 | D:9      | Found a snail-covered altar of Cheibriados.
  9825 | D:9      | Found a shadowy altar of Dithmenos.
  9826 | D:9      | Found an oddly glowing altar of Pakellas.
  9828 | D:9      | Found an iron altar of Okawaru.
  9833 | D:9      | Became a worshipper of Pakellas the Inventive
 10147 | D:9      | Found a sparkling altar of Nemelex Xobeh.
 10879 | D:10     | Entered Level 10 of the Dungeon
 10879 | D:10     | Found a staircase to the Lair.
 11035 | D:10     | Noticed a death yak
 11067 | D:10     | Reached * piety under Pakellas
 11079 | D:10     | Killed a death yak
 11079 | D:10     | Reached skill level 10 in Evocations
 11436 | D:10     | Found Tusk's Book Boutique.
 11854 | D:10     | Noticed a hill giant
 12040 | D:10     | Killed a hill giant
 12353 | D:10     | Reached ** piety under Pakellas
 12353 | D:10     | Received a gift from Pakellas
 12399 | D:10     | Reached XP level 11. HP: 67/94 MP: 17/19
 12796 | D:10     | Noticed a hill giant
 12809 | D:10     | Killed a hill giant
 13099 | D:9      | Killed Erolcha
 13099 | D:9      | Reached skill level 11 in Evocations
 13405 | D:10     | Reached *** piety under Pakellas
 13501 | D:10     | Found a staircase to the Orcish Mines.
 13617 | Orc:1    | Entered Level 1 of the Orcish Mines
 13637 | Orc:1    | Noticed an orc sorcerer
 13795 | D:10     | Noticed a hill giant
 13801 | D:10     | Killed a hill giant
 14496 | D:11     | Found a frozen archway.
 14559 | D:11     | Reached **** piety under Pakellas
 14559 | D:11     | Received a gift from Pakellas
 14577 | D:11     | Noticed a five-headed hydra
 14581 | IceCv    | Entered an ice cave
 14740 | IceCv    | Identified a +4 rod of clouds (13/13) (Pakellas gifted it to you on level 11 of the Dungeon)
 16182 | IceCv    | Got a crystal mace
 16851 | D:4      | Bought the +8 autumn katana {slice, Clar} for 574 gold pieces
 17060 | Lair:1   | Entered Level 1 of the Lair of Beasts
 17127 | Lair:1   | Reached skill level 12 in Evocations
 17270 | Lair:1   | Reached XP level 12. HP: 85/103 MP: 21/21
 17404 | Lair:1   | Found a bloodstained altar of Trog.
 17509 | Lair:1   | Reached skill level 10 in Long Blades
 17569 | Lair:1   | Reached ***** piety under Pakellas
 17887 | Lair:1   | Identified the +2 mace of the Fray {flame, rC- rN+ Dex+2} (You found it in an ice cave)
 18618 | Lair:2   | Noticed a six-headed hydra
 18630 | Lair:2   | Killed a six-headed hydra
 19164 | Lair:3   | Reached skill level 13 in Evocations
 19195 | Lair:3   | Found a labyrinth entrance.
 19204 | Lab      | Entered a labyrinth
 19418 | Lab      | Noticed a minotaur
 19427 | Lab      | Killed a minotaur
 19535 | Lair:3   | Reached ****** piety under Pakellas
 19572 | Lair:3   | Found a deep blue altar of Sif Muna.
 19622 | Lair:3   | Reached skill level 10 in Fighting
 19631 | Lair:3   | Reached XP level 13. HP: 100/113 MP: 22/22
 19678 | Lair:3   | Identified a +10 rod of clouds (18/18) (supercharged by Pakellas)
 21373 | Lair:4   | Received a gift from Pakellas
 21704 | Lair:5   | Found a staircase to the Swamp.
 21875 | Lair:5   | Found a staircase to the Snake Pit.
 22191 | Lair:5   | Reached skill level 14 in Evocations
 23602 | Lair:7   | Found a dark tunnel.
 23645 | Volcano  | Entered a volcano
 24589 | Lair:8   | Entered Level 8 of the Lair of Beasts
 24837 | Lair:8   | Reached XP level 14. HP: 51/124 MP: 24/24
 24990 | Lair:8   | Reached skill level 10 in Dodging
 25233 | Lair:8   | Noticed Josephine
 25244 | Lair:8   | Killed Josephine
 25666 | Lair:8   | Found a staircase to the Slime Pits.
 25666 | Lair:8   | Found a viscous altar of Jiyva.
 25901 | Lair:8   | Reached skill level 15 in Evocations
 26379 | Lair:8   | Received a gift from Pakellas
 26763 | Lair:8   | Got a serpentine bone ring
 26765 | Lair:8   | Identified the ring "Qushask" {+Fly Stlth+} (You found it on level 8 of the Lair of Beasts)
 27475 | Orc:1    | Reached skill level 1 in Shields
 27587 | Orc:1    | Reached XP level 15. HP: 93/132 MP: 26/26
 28183 | Orc:1    | Noticed Maud
 28202 | Orc:1    | Killed Maud
 28922 | Orc:1    | Noticed Nergalle
 28925 | Orc:1    | Noticed a frost giant
 28941 | Orc:1    | Killed Nergalle
 28946 | Orc:1    | Killed a frost giant
 29229 | Orc:1    | Got a pair of ancient gloves
 29248 | Orc:1    | Got a brightly glowing short sword
 29250 | Orc:1    | Got an iridescent long sword
 29253 | Orc:1    | Got a translucent great sword
 29269 | Orc:1    | Identified the +2 pair of gloves "Waffapn" {*Confuse rCorr MP+9 Int+2} (You found it on level 1 of the Orcish Mines)
 29356 | Orc:1    | Identified the +8 short sword of Doom {venom, +Blink Str+3 Int+6} (You found it on level 1 of the Orcish Mines)
 29357 | Orc:1    | Identified the +2 long sword "Bonnuad" {slice, Int+5 Dex+3} (You found it on level 1 of the Orcish Mines)
 29358 | Orc:1    | Identified the +9 great sword "Gatyp" {slice, rPois Str-5 Int+3 Dex+6} (You found it on level 1 of the Orcish Mines)
 29428 | Orc:2    | Entered Level 2 of the Orcish Mines
 29432 | Orc:2    | Noticed Sonja
 29440 | Orc:2    | Noticed Sonja
 29440 | Orc:2    | Sonja changed into Sonja the yak
 29445 | Orc:2    | Killed Sonja the yak
 29518 | Orc:2    | Found a staircase to the Elven Halls.
 29986 | Orc:2    | Reached skill level 16 in Evocations
 30149 | Orc:2    | Found Lozahiza's Food Boutique.
 30150 | Orc:2    | Paralysed by an orc sorcerer for 2 turns
 30160 | Orc:2    | Found Imolegi's Distillery.
 30162 | Orc:2    | Found Dybbili's Book Boutique.
 30163 | Orc:2    | Found Notsy's Food Emporium.
 31290 | D:12     | Found Dufi's Jewellery Boutique.
 31298 | D:12     | Reached skill level 5 in Shields
 31423 | D:12     | Identified the Tome of Moulding
 31690 | D:12     | Noticed Azrael
 31697 | D:12     | Received a gift from Pakellas
 31720 | D:12     | Killed Azrael
 31956 | D:12     | Found Arrecwa's Food Shop.
 32076 | D:12     | Found Heruff's Book Emporium.
 32100 | D:12     | Got a translucent falchion {slice}
 32214 | D:12     | Found Etuob's Distillery.
 32834 | D:13     | Reached skill level 15 in Long Blades
 32903 | D:13     | Found a runed door.
 32911 | D:13     | Noticed a frost giant
 32920 | D:13     | Killed a frost giant
 32920 | D:13     | Reached XP level 16. HP: 102/141 MP: 28/28
 33224 | D:13     | Found Beme's Antique Armour Boutique.
 33227 | D:13     | Bought a runed buckler for 135 gold pieces
 33275 | D:13     | Found a gate to the Vaults.
 33294 | D:13     | You fall through a shaft!
 34529 | D:15     | Entered Level 15 of the Dungeon
 35548 | D:15     | Reached skill level 17 in Evocations
 35677 | D:15     | Identified the +7 falchion of Pride {slice, rN+} (You took it off an orc on level 12 of the Dungeon)
 35678 | D:15     | Identified a +3 rod of clouds (9/9) (Pakellas gifted it to you on level 12 of the Dungeon)
 35922 | D:15     | Found a staircase to the Depths.
 36318 | D:11     | Received a gift from Pakellas
 36445 | Swamp:1  | Entered Level 1 of the Swamp
 36772 | Swamp:1  | Noticed Donald
 36788 | Swamp:1  | Killed Donald
 37750 | Swamp:2  | Reached XP level 17. HP: 146/148 MP: 29/29
 38633 | Swamp:3  | Noticed Roxanne
 38640 | Swamp:3  | Identified a +7 rod of inaccuracy (12/12) (Pakellas gifted it to you on level 11 of the Dungeon)
 38646 | Swamp:3  | Killed Roxanne
 38656 | Swamp:3  | Identified Roxanne's Incunabulum of the Rocks and Transmutation (You took it off Roxanne on level 3 of the Swamp)
 38850 | Swamp:3  | Gained mutation: You have sharp toenails. [potion of beneficial mutation]
 38851 | Swamp:3  | Gained mutation: You are agile. (Dex +2) [potion of beneficial mutation]
 39453 | Swamp:4  | Entered Level 4 of the Swamp
 39890 | Swamp:4  | Got a decaying rune of Zot
 40190 | Swamp:4  | Reached skill level 10 in Shields
 40532 | Swamp:4  | Reached skill level 18 in Evocations
 41552 | Swamp:2  | Noticed a tentacled monstrosity
 41575 | Swamp:2  | Killed a tentacled monstrosity
 41797 | Snake:1  | Entered Level 1 of the Snake Pit
 42634 | Snake:1  | Found Omyfroc's Assorted Antiques.
 42637 | Snake:1  | Bought a metallic brown potion for 30 gold pieces
 42637 | Snake:1  | Bought a scroll labeled SANOEVUSENIMN for 34 gold pieces
 43436 | Snake:2  | Reached XP level 18. HP: 155/159 MP: 31/31
 43597 | Snake:2  | Received a gift from Pakellas
 44697 | Snake:3  | Identified a scroll of acquirement
 44780 | Snake:3  | Reached skill level 1 in Stealth
 45337 | Snake:4  | Entered Level 4 of the Snake Pit
 45472 | Snake:4  | Noticed Kirke
 45483 | Snake:4  | Killed Kirke
 45648 | Snake:4  | Found a sacrificial altar of Ru.
 47156 | Snake:4  | Got a serpentine rune of Zot
 47443 | Snake:4  | Reached XP level 19. HP: 168/168 MP: 32/32
 48008 | Vaults:1 | Entered Level 1 of the Vaults
 48419 | Vaults:1 | Reached skill level 19 in Evocations
 48564 | Vaults:1 | Found Hoebu's Food Shoppe.
 48858 | Vaults:1 | Bought a bread ration for 70 gold pieces
 48858 | Vaults:1 | Bought a bread ration for 70 gold pieces
 48858 | Vaults:1 | Bought a bread ration for 70 gold pieces
 48858 | Vaults:1 | Bought a bread ration for 70 gold pieces
 49171 | Vaults:1 | Received a gift from Pakellas
 49716 | Vaults:2 | Paralysed by a sphinx for 7 turns
 50293 | Vaults:2 | Reached skill level 5 in Stealth
 51210 | Vaults:2 | Reached XP level 20. HP: 164/177 MP: 33/33
 51984 | Vaults:3 | Noticed Margery
 52012 | Vaults:3 | Killed Margery
 52012 | Vaults:3 | Reached skill level 15 in Fighting
 52721 | Vaults:3 | Found a staircase to the Crypt.
 53164 | Vaults:3 | Found Niothraso's Food Shoppe.
 53193 | Vaults:3 | Bought a bread ration for 55 gold pieces
 53193 | Vaults:3 | Bought a bread ration for 55 gold pieces
 53193 | Vaults:3 | Bought a bread ration for 55 gold pieces
 53213 | Vaults:3 | Received a gift from Pakellas
 54338 | Vaults:4 | Found a magical portal.
 54347 | WizLab   | Entered Iskenderun's Mystic Tower
 54457 | Vaults:4 | Found a flickering gateway to a bazaar.
 54463 | Bazaar   | Entered a bazaar
 54809 | Bazaar   | Found Juhilurr's Gadget Emporium.
 54809 | Bazaar   | Found Xekk's Magic Scroll Shoppe.
 54832 | Bazaar   | Found Jekeoss's Armour Emporium.
 54832 | Bazaar   | Found Ohavvuij's Food Shoppe.
 54847 | Bazaar   | Found Doxebb's Assorted Antiques.
 54847 | Bazaar   | Found Liegum's Gadget Shoppe.
 54869 | Bazaar   | Found Peagenen's Book Shoppe.
 54939 | Bazaar   | Bought a +2 lightning rod (9/9) for 1440 gold pieces
 55004 | Vaults:4 | Reached skill level 20 in Evocations
 55520 | Vaults:4 | Noticed Frances
 55530 | Vaults:4 | Killed Frances
 55931 | Vaults:4 | Reached XP level 21. HP: 185/185 MP: 34/35
 56521 | Elf:1    | Entered Level 1 of the Elven Halls
 57140 | Elf:1    | Gained mutation: You are dopey. (Int -2) [a neqoxec]
 57193 | Elf:1    | Got a pair of spiked boots
 57194 | Elf:1    | Identified the +2 pair of boots "Moxt" {rPois rF- MP+9 SInv} (You found it on level 1 of the Elven Halls)
 58075 | Elf:2    | Found a runed door.
 58098 | Elf:2    | Found a runed door.
 58385 | Elf:3    | Entered Level 3 of the Elven Halls
 59001 | Elf:3    | Noticed Ratboiler's ghost (veteran DEWn)
 59077 | Elf:3    | Killed Ratboiler's ghost
 59322 | Elf:3    | Noticed Louise
 59353 | Elf:3    | Killed Louise
 59608 | Elf:3    | Reached skill level 15 in Shields
 60180 | Elf:3    | Identified the Volume of Supportive Good Luck (You found it on level 3 of the Elven Halls)
 60188 | Elf:3    | Identified Lunuah's Incunabulum of Fascination and Battle Magic (You found it on level 3 of the Elven Halls)
 60222 | Elf:3    | Identified Ommor's Guide on Sinister Arts
 61114 | Slime:1  | Entered Level 1 of the Pits of Slime
 61251 | Snake:1  | Bought a scroll of immolation for 119 gold pieces
 61650 | Slime:3  | Reached XP level 22. HP: 180/195 MP: 36/36
 61921 | Slime:5  | Received a gift from Pakellas
 61939 | Slime:6  | Entered Level 6 of the Pits of Slime
 62574 | Slime:6  | Reached skill level 21 in Evocations
 62674 | Slime:6  | Noticed the Royal Jelly
 62678 | Slime:6  | Found a viscous altar of Jiyva.
 63369 | Slime:6  | Killed the Royal Jelly
 63713 | Slime:6  | Got a slimy rune of Zot
 63815 | Slime:6  | Identified Ugoux's Handbook of Attacks and Air (You found it on level 6 of the Pits of Slime)
 63826 | Slime:6  | Identified the Volume of Creation and Earth (You found it on level 6 of the Pits of Slime)
 64235 | Depths:1 | Entered Level 1 of the Depths
 64376 | Depths:1 | Paralysed by something for 2 turns
 64384 | Depths:1 | Paralysed by something for 6 turns
 64815 | Depths:1 | Found a gateway to Hell.
 65157 | Depths:1 | Got a smoking pewter ring
 65158 | Depths:1 | Identified the ring "Cuggos" {Fire rElec rPois MR-} (You found it on level 1 of the Depths)
 65237 | Depths:1 | Reached skill level 10 in Stealth
 66898 | Vaults:5 | Entered Level 5 of the Vaults
 67417 | Vaults:5 | Noticed an ancient lich
 67439 | Vaults:5 | Killed an ancient lich
 67475 | Vaults:5 | Reached XP level 23. HP: 168/205 MP: 37/37
 67581 | Vaults:5 | Reached skill level 15 in Dodging
 68187 | Vaults:5 | Received a gift from Pakellas
 68247 | Vaults:5 | Got a silver rune of Zot
 68826 | Vaults:5 | Got a distressingly furry cloak
 68827 | Vaults:5 | Identified the +2 cloak of the Buccaneer {MP+9} (You found it on level 5 of the Vaults)
 68928 | Vaults:5 | Reached skill level 22 in Evocations
 69770 | Vaults:5 | Found Jexzol's Antique Armour Shoppe.
 69801 | Vaults:5 | Bought a shiny shield for 112 gold pieces
 70411 | Vaults:5 | Got a slimy wooden ring
 70412 | Vaults:5 | Identified the ring "Muuraeh" {MP+9 Int+3 Stlth+} (You took it off an ogre mage on level 5 of the Vaults)
 70429 | Vaults:5 | Identified the Catalogue of Illusion (You found it on level 5 of the Vaults)
 70522 | Vaults:5 | Identified the Volume of Curses and Snow (You found it on level 5 of the Vaults)
 71599 | Depths:2 | Reached XP level 24. HP: 188/215 MP: 38/38
 71668 | Depths:2 | Found a runed gate.
 71668 | Depths:2 | Found a runed gate.
 71668 | Depths:2 | Found a runed gate.
 71799 | Depths:2 | Found a runed gate.
 71799 | Depths:2 | Found a runed gate.
 71799 | Depths:2 | Found a runed gate.
 71961 | Depths:2 | Got a sparkling steel ring
 71962 | Depths:2 | Identified the ring of the Heavens {SustAt rPois} (You took it off a fire giant on level 2 of the Depths)
 72121 | Depths:2 | Got a flickering lead ring
 72122 | Depths:2 | Identified the ring "Uteel" {+Inv rN+ MP-9 Dex+2} (You took it off a hell knight on level 2 of the Depths)
 72574 | Depths:2 | Found a one-way gate leading to the halls of Pandemonium.
 72780 | Depths:3 | Noticed the Enchantress
 73070 | Depths:3 | Found Lakhunis's Magic Scroll Emporium.
 73258 | Depths:3 | Found a large runed door.
 73258 | Depths:3 | Found a large runed door.
 73314 | Depths:3 | Killed the Enchantress
 73325 | Depths:3 | Found a gateway to a ziggurat.
 73325 | Depths:3 | Noticed an ancient lich
 73446 | Depths:3 | Gained mutation: You are very dopey. (Int -4) [a neqoxec]
 73469 | Depths:3 | Received a gift from Pakellas
 73965 | Depths:3 | Found Gyuseshri's Gadget Boutique.
 73982 | Depths:3 | Got a fine shield
 74023 | Depths:3 | Identified the +0 shield of Zikinat {Str+8 Dex+4} (You acquired it on level 3 of the Depths)
 74055 | Depths:3 | Found Ric Xeps's General Store.
 74065 | Depths:3 | Bought a scroll of blinking for 127 gold pieces
 74169 | Depths:3 | Killed an ancient lich
 74471 | Depths:3 | Found Wipsidy's Food Shoppe.
 74485 | Depths:3 | Found Lebatovo's Assorted Antiques.
 74513 | Depths:3 | Bought a hardcover manual for 570 gold pieces
 74797 | Depths:3 | Bought a scroll of recharging for 361 gold pieces
 74964 | Depths:4 | Reached skill level 23 in Evocations
 75609 | Depths:4 | Found a one-way gate to the infinite horrors of the Abyss.
 76042 | Depths:4 | Reached XP level 25. HP: 224/224 MP: 38/38
 76670 | Depths:5 | Entered Level 5 of the Depths
 76715 | Depths:5 | Noticed a juggernaut
 76717 | Depths:5 | Killed a juggernaut
 76717 | Depths:5 | Reached skill level 15 in Stealth
 77095 | Depths:5 | Found a gate to the Realm of Zot.
 78036 | Zot:1    | Entered Level 1 of the Realm of Zot
 78104 | Zot:1    | Noticed an orb of fire
 78111 | Zot:1    | Killed an orb of fire
 78496 | Zot:1    | Received a gift from Pakellas
 78657 | Zot:1    | Identified a +4 rod of shadows (11/11) (Pakellas gifted it to you on level 1 of the Realm of Zot)
 79009 | Zot:1    | Reached skill level 24 in Evocations
 79445 | Zot:2    | Reached XP level 26. HP: 184/234 MP: 39/39
 80806 | Zot:3    | Noticed an ancient lich
 80815 | Zot:3    | Killed an ancient lich
 80851 | Zot:3    | Noticed an ancient lich
 80887 | Zot:3    | Killed an ancient lich
 81318 | Zot:3    | Noticed an orb of fire
 81331 | Zot:3    | Gained mutation: You are frail (-10% HP). [an orb of fire]
 81335 | Zot:3    | Killed an orb of fire
 83241 | Zot:5    | Entered Level 5 of the Realm of Zot
 83634 | Zot:5    | Reached XP level 27. HP: 219/219 MP: 39/39
 83872 | Zot:5    | Noticed an ancient lich
 83892 | Zot:5    | Killed an ancient lich
 83941 | Zot:5    | Reached skill level 25 in Evocations
 84017 | Zot:5    | Noticed an orb of fire
 84042 | Zot:5    | Killed an orb of fire
 84468 | Zot:5    | Noticed an orb of fire
 84484 | Zot:5    | Gained mutation: Your magical capacity is low (-10% MP). [an orb of fire]
 84488 | Zot:5    | Noticed an orb of fire
 84518 | Zot:5    | Gained mutation: Scrolls take you a little longer to read. [an orb of fire]
 84519 | Zot:5    | Gained mutation: Your body sometimes deteriorates upon taking damage. [an orb of fire]
 84530 | Zot:5    | Killed an orb of fire
 84540 | Zot:5    | Gained mutation: You are weak. (Str -2) [an orb of fire]
 84542 | Zot:5    | Gained mutation: Scrolls take you longer to read. [an orb of fire]
 84545 | Zot:5    | Noticed an orb of fire
 84546 | Zot:5    | Gained mutation: You are very weak. (Str -4) [an orb of fire]
 84561 | Zot:5    | Killed an orb of fire
 84561 | Zot:5    | Gained mutation: Your body often deteriorates upon taking damage. [an orb of fire]
 84568 | Zot:5    | Lost mutation: Your magical capacity is low (-10% MP). [an orb of fire]
 84582 | Zot:5    | Killed an orb of fire
 87139 | Zot:5    | Lost mutation: You have sharp toenails. [potion of cure mutation]
 87139 | Zot:5    | Lost mutation: Scrolls take you longer to read. [potion of cure mutation]
 87139 | Zot:5    | Lost mutation: Scrolls take you a little longer to read. [potion of cure mutation]
 87140 | Zot:5    | Lost mutation: You are frail (-10% HP). [potion of cure mutation]
 87140 | Zot:5    | Lost mutation: You are very dopey. (Int -4) [potion of cure mutation]
 87140 | Zot:5    | Lost mutation: You are dopey. (Int -2) [potion of cure mutation]
 87140 | Zot:5    | Lost mutation: Your body often deteriorates upon taking damage. [potion of cure mutation]
 87140 | Zot:5    | Lost mutation: Your body sometimes deteriorates upon taking damage. [potion of cure mutation]
 87140 | Zot:5    | Lost mutation: You are agile. (Dex +2) [potion of cure mutation]
 87192 | Zot:5    | Got the Orb of Zot
 87254 | Zot:5    | Noticed an ancient lich
 88021 | D:$      | Escaped with the Orb!

Vault maps used:
D:1:      dpeg_arrival_connections, kennysheep_flooded_box,
          minmay_misc_feat_diagonals
D:2:      first_bread, minmay_misc_feat_iff, nemelex_deck, uniq_robin,
          uniq_jessica
D:3:      fedhas_altar_1, uniq_crazy_yiuf_cottage, uniq_iyjb, uniq_sigmund
D:4:      minmay_temple_entry_butterflies, serial_shops, shop
D:5:      uniq_prince_ribbit1, uniq_pikel
D:6:      basic_altar
D:8:      grunt_temple_overflow_open, hangedman_ranch, kennysheep_small_spiral,
          nemelex_dance_club_becter
D:9:      minitemple, overflow_temple_1_default, uniq_erolcha
D:10:     dpeg_lair_monsters, erik_orc_1, serial_shops, nicolae_shop_crystal,
          hangedman_decor_clover_reticule, serial_park_tiny_1, kennysheep_potato
D:11:     lemuel_slime, portal_ice_cave_entry_ice_beasts, hangedman_decor_lopped
D:12:     serial_shops, shop, shop, kennysheep_mini, shop_fountains,
          minmay_hedge_maze, nrook_guardian_serpent_double, uniq_azrael
D:13:     david_vaults_1, serial_shops, nicolae_shop_behind_doors, wad_hexagon
D:15:     gammafunk_enter_depths_forms, roderic_lattice_a
Temple:   circular_temple_12
Lair:1:   basic_altar, grunt_megastairs_3, infiniplex_staircase_pool
Lair:2:   guppyfry_lair_drakes, lemuel_fruit_fields
Lair:3:   lab_entry_generic, lemuel_altar_in_water2, lemuel_fruit_fields,
          grunt_megastairs_5, serial_bayou_shore_a
Lair:4:   lemuel_fruit_fields, grunt_megastairs_1
Lair:5:   minmay_swamp_entry_eels, minmay_snake_entry_guardpost_small
Lair:7:   nicolae_volcano_entry_hallway, grunt_megastairs_2
Lair:8:   evilmike_catoblepas_cave, slime_altar_1, st_stairs_5,
          fungi_pond_lemuel, minivault_23, uniq_josephine
Swamp:1:  evilmike_swamp_ruin_house_3, swamp_pool1, uniq_donald
Swamp:2:  hangedman_swamp_blocks
Swamp:3:  evilmike_swamp_ruin_house_6, uniq_roxanne
Swamp:4:  swamp_fiery, swamp_pool2
Snake:1:  serial_shops, nicolae_shop_behind_doors
Snake:3:  guppyfry_library_mini
Snake:4:  snake_pit, basic_altar, grunt_ministairs_8, uniq_kirke
Slime:5:  nicolae_slime_jelly_donut, nicolae_slime_phagocytosis
Orc:1:    giant_chief_lemuel, uniq_nergalle, uniq_maud
Orc:2:    st_orc_elflike, uniq_sonja
Elf:1:    hangedman_elf_represent, nrook_mini_backslash
Elf:2:    uniq_agnes
Elf:3:    minmay_elf_hall, abandoned_shop, uniq_louise
Vaults:1: hangedman_vaults_cutoff, v_misc_25, vaults_room_grid,
          vaults_room_grunt_arrival_ludios, nicolae_vaults_asterisk,
          ontoclasm_vaults_eye, serial_shops, shop
Vaults:2: hangedman_vaults_corner, v_alt_pattern_1, nicolae_vaults_theta,
          nicolae_vaults_what_the_h, v_rooms_1, v_misc_26, v_misc_8,
          vaults_room_pools, vaults_room_pool, nicolae_vaults_mini_display_case,
          ontoclasm_vaults_hangar, v_misc_8, hangedman_vaults_cutoff,
          nicolae_vaults_little_squares_5, v_misc_17, nicolae_vaults_theta
Vaults:3: nicolae_vaults_circle_grid_b, v_misc_1, vaults_room_fours,
          hangedman_vaults_restitches, nicolae_vaults_ninety_degrees,
          minmay_crypt_entry_simple_walls, v_misc_28, vaults_mumra_minichess,
          serial_shops, nicolae_shop_stone, uniq_margery
Vaults:4: vaults_room_pool, vaults_room_stairs_pillars,
          nicolae_vaults_stairing_the_circle, ontoclasm_vaults_fault,
          ontoclasm_vaults_ligature, v_misc_11, sword_in_stone,
          nicolae_vaults_asterisk, nicolae_vaults_ring_of_whatevers,
          nicolae_vaults_theta, serial_shops, bzr_entry_safe, mu_enter_wizlab_3
Depths:1: hell_entry, hangedman_abyss_or_decor_slice, minivault_15,
          grunt_ministairs_11, serial_sigils_hangedman_scratch,
          kennysheep_diamond, minmay_misc_feat_x, kennysheep_generic_room_5,
          serial_bayou_shore_b
Depths:2: kennysheep_treasure_stockpile, rand_demon_pan_entry_4,
          minmay_misc_feat_more_columns, hell_entry, serial_bayou_shore_b,
          serial_bayou_shore_b, minmay_staircase_statues_hall_small,
          firewood_loft
Depths:3: lightli_eight_chambers, enter_ziggurat_d, serial_shops,
          nicolae_shop_behind_doors, nicolae_shop_behind_doors,
          nicolae_shop_waterfront, shop, shop_statue, kennysheep_pointless_box,
          pf_coc_iceberg, pan_entry, uniq_enchantress
Depths:4: kennysheep_water_balloons, grunt_pan_entry_spiral,
          minmay_misc_feat_nine_boxes, abyss_entry_crystal, hell_entry,
          minmay_staircase_statues
Depths:5: evilmike_zot_entry_basic, hell_entry, kennysheep_doodads
Zot:3:    hangedman_snap_crack_crunch
Zot:4:    hangedman_zot_decor_tridents, st_stairs_10
Zot:5:    st_stairs_14
Lab:      labyrinth_watery, nicolae_lab_blocks, nicolae_lab_flowing_pool
Bazaar:   bazaar_long_row
IceCv:    ice_cave_statue_garden_02
Volcano:  volcano_aerie
WizLab:   wizlab_iskenderun

Action                   |  1- 3 |  4- 6 |  7- 9 | 10-12 | 13-15 | 16-18 | 19-21 | 22-24 | 25-27 || total
-------------------------+-------+-------+-------+-------+-------+-------+-------+-------+-------++-------
Melee: Spear             |   145 |   133 |       |       |       |       |       |       |       ||   278
       Short sword       |    12 |       |       |       |       |       |       |       |       ||    12
       Quarterstaff      |       |    67 |   180 |       |       |       |       |       |       ||   247
       Dagger            |       |       |   257 |   214 |       |       |       |       |       ||   471
       Great sword       |       |       |     5 |   208 |       |       |       |       |       ||   213
       Katana            |       |       |       |   303 |  1022 |  1557 |  1640 |  2038 |  1617 ||  8177
       Rod               |       |       |       |       |     1 |       |       |       |       ||     1
Throw: Throwing net      |       |       |       |       |       |       |       |       |     1 ||     1
Invok: Supercharge       |       |       |       |       |     1 |       |       |       |       ||     1
       Quick Charge      |       |       |       |       |     1 |       |     2 |     4 |     9 ||    16
Evoke: Wand              |     1 |     6 |    24 |    26 |    10 |     4 |     6 |    27 |    37 ||   141
       Deck              |       |     5 |       |       |     2 |       |     4 |     2 |     4 ||    17
       Rod               |       |       |    10 |    55 |    88 |   103 |    93 |   142 |    71 ||   562
       Stone of tremors  |       |       |       |       |       |     1 |     1 |     3 |       ||     5
       Lamp of fire      |       |       |       |       |       |     1 |       |     1 |       ||     2
       Box of beasts     |       |       |       |       |       |       |     3 |     2 |     1 ||     6
       Disc of storms    |       |       |       |       |       |       |       |     4 |       ||     4
       Sack of spiders   |       |       |       |       |       |       |       |     4 |     3 ||     7
  Use: Scroll            |       |     2 |    11 |    11 |     9 |    10 |     9 |    20 |     5 ||    77
       Potion            |       |       |     2 |       |     3 |     2 |       |     4 |     3 ||    14
 Stab: Sleeping          |     5 |     5 |     7 |     5 |     7 |     3 |    38 |    24 |    27 ||   121
       Paralysed         |       |       |     2 |       |       |       |       |       |       ||     2
       Confused          |       |       |     1 |     9 |       |       |       |       |       ||    10
       Distracted        |       |       |       |     1 |     2 |     8 |     6 |    17 |    11 ||    45
  Eat: Chunk             |     2 |     7 |    13 |    27 |    59 |    31 |    39 |     9 |     2 ||   189
       Pizza             |       |       |     3 |     5 |     1 |     2 |     2 |     2 |     2 ||    17
       Meat ration       |       |       |     1 |     3 |     2 |     6 |     1 |     3 |     2 ||    18
       Royal jelly       |       |       |     1 |     1 |     1 |     2 |       |       |       ||     5
       Beef jerky        |       |       |       |     3 |       |     1 |     1 |     2 |       ||     7
       Fruit             |       |       |       |     2 |     1 |     7 |     9 |     4 |     5 ||    28
       Bread ration      |       |       |       |       |       |     2 |     4 |     9 |    10 ||    25
